 Dungeon Crawl Stone Soup version 0.29-a0-88-g03a7b78be7 (webtiles) character file.

Game seed: 3857576673266822185

11 Hubjo the Sneak (level 2, 0/20 HPs)
             Began as a Vampire Enchanter on Feb 5, 2022.
             Was a Follower of Jiyva.
             Slain by a worm (5 damage)
             ... on level 2 of the Dungeon.
             The game lasted 00:01:09 (420 turns).

Hubjo the Sneak (Vampire Enchanter)                  Turns: 420, Time: 00:01:09

Health: 0/20       AC:  2    Str:  7    XL:     2   Next: 13%
Magic:  5/5        EV: 12    Int: 17    God:    Jiyva [*.....]
Gold:   33         SH:  0    Dex: 14    Spells: 5/5 levels left

rFire   . . .      SeeInvis +   a - +1 dagger (vorpal)
rCold   . . .      Faith    .   (no shield)
rNeg    . . .      Spirit   .   b - +0 robe
rPois   .          Reflect  .   (no helmet)
rElec   .          Harm     .   (no cloak)
rCorr   .          Rampage  .   (no gloves)
Will    .....                   (no boots)
Stlth   +++.......              (no amulet)
HPRegen 1.06/turn               (no ring)
MPRegen 0.34/turn               (no ring)

@: healing quickly
A: alive, fangs 3, see invisible, vampiric 1
a: Exsanguinate, Renounce Religion


You were on level 2 of the Dungeon.
You worshipped Jiyva.
Jiyva was aware of your devotion.
You visited 1 branch of the dungeon, and saw 2 of its levels.

You collected 33 gold pieces.

Inventory:

Hand Weapons
 a - a +1 vorpal dagger (weapon)
Armour
 b - a +0 robe (worn)
Potions
 c - a potion of invisibility


   Skills:
 * Level 0.6 Fighting
 + Level 1.2 Short Blades
 + Level 2.3 Dodging
 * Level 4.8 Stealth
 - Level 2.0 Spellcasting
 + Level 4.6 Hexes


You had 5 spell levels left.
You didn't know any spells.
Your spell library contained the following spells:

 Spells                   Type           Power      Damage    Failure   Level
 Confusing Touch          Hex            17%        N/A       9%          3
 Tukima's Dance           Hex            17%        N/A       9%          3
 Ensorcelled Hibernation  Hex/Ice        18%        N/A       12%         2
 Dazzling Flash           Conj/Hex       18%        N/A       22%         3


Dungeon Overview and Level Annotations

Branches:
Dungeon (2/15)

Altars:
Jiyva


Innate Abilities, Weirdness & Mutations

Your natural rate of healing is accelerated.
You have razor-sharp teeth.
You have supernaturally acute eyesight. (SInv)
You are afflicted with vampirism.


Message History

The kobold is heavily wounded.
You hear a distant slurping noise.
You hear a slurping noise.
The kobold hits you with a +0 short sword.
* * * LOW HITPOINT WARNING * * *
The worm barely misses you.
You hit the kobold.
The kobold is severely wounded.
You hear a distant slurping noise.
The kobold barely misses you.
You hit the kobold but do no damage.
The kobold is severely wounded.
The kobold barely misses you. The worm bites you.
* * * LOW HITPOINT WARNING * * *
You closely miss the kobold.
The kobold is severely wounded.
The goblin hits you with a +0 dagger.
* * * LOW HITPOINT WARNING * * *
You hear a distant slurping noise.
The kobold closely misses you. The worm completely misses you.
You barely miss the kobold.
The kobold is severely wounded.
The goblin hits you with a +0 dagger.
* * * LOW HITPOINT WARNING * * *
The kobold misses you.
You hit the kobold.
You kill the kobold!
The goblin hits you with a +0 dagger.
* * * LOW HITPOINT WARNING * * *
The worm misses you. The goblin hits you with a +0 dagger.
* * * LOW HITPOINT WARNING * * *
There is a fountain of clear blue water here.
Things that are here:
a +0 short sword; 5 stones; a kobold corpse
As you read the scroll labelled SOGIYTE OKOR, it crumbles to dust.
It is a scroll of brand weapon.
Your +1 dagger emits a brilliant flash of light!
a - a +1 vorpal dagger (weapon)
The goblin closely misses you. The worm bites you.
You die...

#######
##.....##
##..J....##
#....<....#
#.⌠.....⌠.#
#.........##
####...@w⌠....#
......g.......#
###..⌠.....⌠..#
#.......>.....#
#.#.#.......#..
..[.##.....##.#
..# ####### ..


You could see a worm, a goblin and a neutral endoplasm (wandering)(fellow
slime).

Vanquished Creatures
  A dart slug (D:1)
  A giant cockroach (D:1)
  A hobgoblin (D:1)
  A quokka (D:2)
  A bat (D:1)
  4 kobolds
9 creatures vanquished.

Vanquished Creatures (others)
  An orc priest (D:2)
  Natasha (D:2)
  An endoplasm (D:2)
  A bat (D:2)
  A kobold (D:2)
5 creatures vanquished.

Grand Total: 14 creatures vanquished

Notes
Turn   | Place    | Note
-------+----------+-------------------------------------------
     0 | D:1      | Hubjo the Vampire Enchanter began the quest for the Orb.
     0 | D:1      | Reached XP level 1. HP: 13/13 MP: 3/3
     3 | D:1      | Noticed an electric eel
     5 | D:1      | Noticed an electric eel
    51 | D:1      | Found a faded altar of an unknown god.
    67 | D:1      | Prayed at the altar of an unknown god.
    67 | D:1      | Became a worshipper of Jiyva Jaybrapo the Shapeless
    67 | D:1      | Reached * piety under Jiyva
   370 | D:1      | Reached XP level 2. HP: 18/20 MP: 5/5
   412 | D:2      | Killed Natasha
   420 | D:2      | Slain by a worm

Illustrated notes

Levels and vault maps discovered:
D:1:      arrival_aquarium_b, layout_basic, ebering_ecumenical_altar_box
D:2:      layout_loops_ring, basic_altar, grunt_ministairs_10, minmay_domino_2,
          uniq_natasha

Action                   || total
-------------------------++-------
Melee: Dagger            ||    52
       Bite              ||     2
  Use: Scroll            ||     1
 Stab: Sleeping          ||     2
Armor: Robe              ||     7
Dodge: Dodged            ||    38

Table legend: (Time is in decaauts)
 A = Elapsed time spent in this place.
 B = Non-inter-level travel time spent in this place.
 C = Inter-level travel time spent in this place.
 D = Time resting spent in this place.
 E = Time spent auto-exploring this place.
 F = Levels seen in this place.
 G = Mean time per level.
                   A        B        C        D        E       F      G
               +--------+--------+--------+--------+--------+-----+--------+
         Total |    417 |    368 |     49 |      0 |    263 |   2 |  208.5 |
       Dungeon |    417 |    368 |     49 |      0 |    263 |   2 |  208.5 |
               +--------+--------+--------+--------+--------+-----+--------+

Top non-repeatable levels by time:
     D:1: 390 daAuts
     D:2: 26 daAuts
